 Dungeon Crawl Stone Soup version 0.29.0-11-gd7f09526c8 (webtiles) character file.

Game seed: 15758314277254232260

3366 NinjaNoafa the Digger (level 9, -13/63 HPs)
             Began as a Green Draconian Wanderer on Sept 4, 2022.
             Was a Believer of Fedhas.
             Mangled by a two-headed ogre
             ... wielding a +0 giant club
              (21 damage)
             ... on level 9 of the Dungeon.
             The game lasted 00:25:24 (8676 turns).

NinjaNoafa the Digger (Green Draconian Wanderer)    Turns: 8676, Time: 00:25:25

Health: -13/63     AC: 11    Str: 14    XL:     9   Next: 73%
Magic:  1/13       EV: 10    Int: 18    God:    Fedhas [**....]
Gold:   137        SH:  4    Dex: 10    Spells: 9/14 levels left

rFire   . . .      SeeInvis .   t - staff of poison
rCold   . . .      Faith    .   p - +1 buckler {AC+3}
rNeg    . . .      Spirit   .   (body armour unavailable)
rPois   +          Reflect  .   (helmet restricted)
rElec   .          Harm     .   k - +0 cloak
rCorr   .          Rampage  .   (no gloves)
Will    .....                   (no boots)
Stlth   +.........              (no amulet)
HPRegen 0.20/turn               (no ring)
MPRegen 0.13/turn               (no ring)

@: no status effects
A: breathe noxious fumes, AC +7, unfitting armour, poison resistance,
cold-blooded, frail 1
a: Breathe Noxious Fumes, Renounce Religion, Wall of Briars


You were on level 9 of the Dungeon.
You worshipped Fedhas.
Fedhas was pleased with you.
You visited 2 branches of the dungeon, and saw 10 of its levels.

You collected 313 gold pieces.
You spent 176 gold pieces at shops.

Inventory:

Missiles
 d - 58 stones
 h - 4 boomerangs
 o - 5 poisoned darts
Armour
 k - a +0 cloak (worn)
 p - a +1 buckler of protection (worn)
Magical Staves
 t - a staff of poison (weapon)
Wands
 q - a wand of charming (5)
 s - a wand of flame (9)
Scrolls
 f - a scroll of noise
Potions
 e - a potion of attraction
 r - 2 potions of magic


   Skills:
 - Level 3.2 Fighting
 - Level 2.0 Short Blades
 - Level 1.0 Throwing
 - Level 1.0 Stealth
 - Level 3.0 Spellcasting
 - Level 5.0 Hexes
 - Level 5.0 Transmutations
 + Level 4.4 Ice Magic
 + Level 3.0 Air Magic
 - Level 7.0 Earth Magic
 - Level 5.0 Poison Magic
 - Level 5.0 Evocations


You had 9 spell levels left.
You knew the following spells:

 Your Spells              Type           Power      Damage    Failure   Level
a - Sandblast             Erth           54%        2d13      1%          1
b - Passwall              Tmut/Erth      20%        N/A       2%          2
c - Ensorcelled Hibernat  Hex/Ice        38%        N/A       4%          2

Your spell library contained the following spells:

 Spells                   Type           Power      Damage    Failure   Level
 Poisonous Vapours        Pois/Air       50%        N/A       6%          2
 Spider Form              Tmut/Pois      31%        N/A       9%          3
 Leda's Liquefaction      Hex/Erth       12%        N/A       19%         4
 Portal Projectile        Hex/Tloc       22%        N/A       24%         3
 Call Canine Familiar     Summ           2%         N/A       54%         3
 Corpse Rot               Necr/Pois/Air  18%        N/A       58%         4
 Anguish                  Hex/Necr       5%         N/A       61%         4


Dungeon Overview and Level Annotations

Branches:
Dungeon (9/15)             Temple (1/1) D:5            Lair (0/5) D:8
    Orc: D:9-12

Altars:
Ashenzari
Cheibriados
Dithmenos
Elyvilon
Fedhas
Gozag
Hepliaklqana
Kikubaaqudgha
Makhleb
Okawaru
Ru
Sif Muna
Trog
Uskayaw
Vehumet
Wu Jian
Xom
Yredelemnul
Zin
The Shining One

Shops:
D:8 :

Annotations:
D:7 Menkaure


Innate Abilities, Weirdness & Mutations

You can breathe blasts of noxious fumes.
Your lurid green scales are hard. (AC +7)
You cannot fit into any form of body armour.
Your system is resistant to poisons. (rPois)
You are cold-blooded and may be slowed by cold attacks.
You are frail. (-10% HP)


Message History

The yak is almost dead.
The yak barely misses you.
You hit the yak.
The yak is almost dead.
The yak gores you.
You hit the yak.
You envenom the yak.
You kill the yak!
Fedhas appreciates your contribution to the ecosystem.
Your Air Magic skill increases to level 3!
You hit the yak but do no damage. You block the yak's attack.
The yak closely misses you.
Casting: Sandblast (safe; 1% risk of failure)
Confirm with . or Enter, or press ? or * to list all spells.
Aiming: Sandblast (safe; 1% risk of failure)
Press: ? - help, Shift-Dir - straight line, f - yak
Aim: a yak (90% to hit)
The blast of sand hits the yak!!
The yak is heavily wounded.
The yak gores you!
You hit the yak but do no damage.
You envenom the yak!
The yak is poisoned.
Your tail-slap misses the yak.
The yak is severely wounded.
The yak gores you but does no damage.
You hit the yak.
The yak is severely wounded.
The yak gores you.
A two-headed ogre comes into view.
It is wielding a +0 giant club and a +0 giant spiked club.
The yak gores you but does no damage.
You barely miss the yak.
The yak is severely wounded.
The yak looks more healthy.
You block the yak's attack.
The two-headed ogre shouts in stereo!
The yak attacks as you move away! The yak gores you.
* * * LOW HITPOINT WARNING * * *
The two-headed ogre attacks as you move away!
The two-headed ogre hits you with a +0 giant club!
* * * LOW HITPOINT WARNING * * *
The two-headed ogre hits you with a +0 giant spiked club!!
You die...
Fedhas appreciates your contribution to the ecosystem.

#.## ##.# ##.## ##.##
#.# ##.###..# #.#
##.#.#.# #.# ##.##.# #.#
# #.##.####.# #.###
##.........#
#.###.#.#####........†.#
#......O@.....###.####.#
######Y####### #......#
#Y# ######.# #.# #.# #Y#
#.# #Y# #.# #.# #.# #.#
#.# #.# #.#


You could see a two-headed ogre and 4 yaks.

Vanquished Creatures
  Prince Ribbit (D:7)
  A hornet (D:5)
  Grinder (D:3)
  A yak (D:9)
  A wyvern (D:7)
  A human (D:9)
  2 steam dragons
  3 water moccasins
  An ice beast (D:7)
  3 black bears
  A centaur (D:9)
  A phantom (D:4)
  A bullfrog (D:6)
  Blork the orc (D:6)
  5 killer bees (D:9)
  A howler monkey (D:4)
  2 hounds
  4 orc priests
  Crazy Yiuf (D:7)
  2 jellies (D:4)
  6 iguanas
  6 orc wizards
  6 adders
  4 gnolls (D:5)
  2 shadow imps
  A worm (D:2)
  A dart slug (D:2)
  15 orcs
  7 endoplasms
  3 giant cockroaches
  6 goblins
  5 hobgoblins
  2 jackals (D:5)
  4 quokkas
  8 ball pythons
  7 bats
  4 kobolds
  6 rats
127 creatures vanquished.

Vanquished Creatures (collateral kills)
  A bullfrog (D:8)
  An orc wizard (D:5)
  An orc (D:5)
3 creatures vanquished.

Vanquished Creatures (others)
  2 fungi (D:3)
  8 plants (D:3)
10 creatures vanquished.

Grand Total: 140 creatures vanquished

Notes
Turn   | Place    | Note
-------+----------+-------------------------------------------
     0 | D:1      | NinjaNoafa the Draconian Wanderer began the quest for the
                  | Orb.
     0 | D:1      | NinjaNoafa set off with the following items: a +1 short
                  | sword, a potion of curing; and the following spell
                  | memorised: Sandblast; and the following spells available to
                  | memorise: Passwall, Leda's Liquefaction.
     0 | D:1      | Reached XP level 1. HP: 19/19 MP: 2/2
   282 | D:1      | Reached XP level 2. HP: 26/26 MP: 1/3
   460 | D:1      | Reached skill level 3 in Earth Magic
   531 | D:1      | Found a faded altar of an unknown god.
   922 | D:2      | Reached XP level 3. HP: 19/31 MP: 0/4
  1072 | D:2      | Reached skill level 4 in Earth Magic
  1473 | D:2      | Found a white marble altar of Elyvilon.
  1531 | D:2      | Reached XP level 4. HP: 21/38 MP: 0/5
  2322 | D:3      | Found a blossoming altar of Fedhas.
  2358 | D:3      | Reached skill level 5 in Earth Magic
  2553 | D:3      | Became a worshipper of Fedhas Madash
  2719 | D:3      | Reached XP level 5. HP: 27/45 MP: 2/6
  3172 | D:3      | Found a glowing silver altar of Zin.
  3247 | D:3      | Noticed Grinder
  3250 | D:3      | Paralysed by Grinder for 2 turns
  3296 | D:3      | Paralysed by Grinder for 4 turns
  3307 | D:3      | Killed Grinder
  3308 | D:3      | Reached skill level 6 in Earth Magic
  3308 | D:3      | Reached XP level 6. HP: 33/51 MP: 2/7
  3575 | D:4      | Reached skill level 7 in Earth Magic
  3650 | D:4      | Noticed a water moccasin
  3660 | D:4      | Killed a water moccasin
  3861 | D:4      | Your scales start taking on a lurid green colour.
  3861 | D:4      | Reached XP level 7. HP: 57/57 MP: 8/11
  3861 | D:4      | Gained mutation: Your system is resistant to poisons.
                  | (rPois) [Green Draconian growth]
  3869 | D:4      | Reached skill level 1 in Hexes
  3881 | D:4      | Reached skill level 1 in Transmutations
  4314 | D:5      | Entered Level 5 of the Dungeon
  4556 | D:5      | Identified the +0 helmet of the Earth {Rampage rC+ Int+2}
  4614 | D:5      | Learned a level 2 spell: Passwall
  4665 | D:5      | Gained mutation: You are frail. (-10% HP) [potion of
                  | mutation]
  4681 | D:5      | Reached * piety under Fedhas
  4682 | D:5      | Noticed a hornet
  4683 | D:5      | Reached skill level 1 in Ice Magic
  4683 | D:5      | Reached XP level 8. HP: 39/56 MP: 9/12
  4713 | D:5      | Found an iron altar of Okawaru.
  5165 | D:5      | Found a staircase to the Ecumenical Temple.
  5174 | Temple   | Entered the Ecumenical Temple
  5454 | D:5      | Killed a hornet
  5942 | D:6      | Reached skill level 5 in Hexes
  5942 | D:6      | Reached skill level 5 in Transmutations
  6077 | D:6      | Noticed Blork the orc
  6085 | D:6      | Killed Blork the orc
  6086 | D:6      | Reached skill level 1 in Poison Magic
  6086 | D:6      | Reached skill level 1 in Evocations
  6669 | D:7      | Noticed Prince Ribbit
  6677 | D:7      | Killed Prince Ribbit
  6678 | D:7      | Reached XP level 9. HP: 55/63 MP: 8/13
  6696 | D:7      | Reached ** piety under Fedhas
  7321 | D:7      | Found a runed translucent door.
  7322 | D:7      | Noticed Crazy Yiuf
  7327 | D:7      | Killed Crazy Yiuf
  7505 | D:7      | Noticed Menkaure
  7664 | D:7      | HP: 2/63 [orc warrior/+1 glaive of flaming (11)]
  8017 | D:8      | Learned a level 2 spell: Ensorcelled Hibernation
  8017 | D:8      | Found a staircase to the Lair.
  8030 | D:8      | Found Lehueskoo's Book Boutique.
  8038 | D:8      | Bought a book of Vapours for 176 gold pieces
  8071 | D:8      | Reached skill level 5 in Poison Magic
  8436 | D:9      | Reached skill level 5 in Evocations
  8436 | D:9      | Reached skill level 1 in Air Magic
  8673 | D:9      | Noticed a two-headed ogre
  8676 | D:9      | Mangled by a two-headed ogre

Illustrated notes

Levels and vault maps discovered:
D:1:      lightli_arrival_statue_moat, layout_rooms,
          shapermc_ecumenical_altar_pompeii, chequers_avenue, st_stairs_1,
          minmay_tall_x
D:2:      layout_basic, basic_altar, minmay_bisected
D:3:      layout_loops_ring, fedhas_altar_3, zin_treasury, uniq_grinder
D:4:      layout_rooms
D:5:      layout_loops_ring, mainiacjoe_overflow_tiny_flanked,
          minmay_temple_entry_antechambers, kennysheep_generic_room_12
D:6:      layout_rooms, minmay_misc_feat_room, uniq_blork_the_orc
D:7:      minmay_skewed_foursquare, layout_loops_ring,
          mainiacjoe_overflow_concentric_impassable,
          mainiacjoe_overflow_surrounded_room, ebering_ghost_reflecting_pool,
          uniq_duvessa, uniq_menkaure, uniq_prince_ribbit1,
          uniq_crazy_yiuf_cottage
D:8:      layout_cave_pools, lair_entry_dummy, serial_shops, shop,
          nicolae_shop_temple_entry_statues_fountains, minmay_ruffians
D:9:      layout_loops_ring, minmay_misc_feat_columns
Temple:   nicolae_temple_bog_church

Skill      XL: |  1  2  3  4  5  6  7  8  9 |
---------------+----------------------------+-----
Earth Magic    | 3 4 5 6 7 |  7.0
Spellcasting   | 3 |  3.0
Hexes          | 3 5 |  5.0
Transmutations | 3 5 |  5.0
Ice Magic      | 1 3 4 |  4.4
Poison Magic   | 3 5 |  5.0
Evocations     | 2 5 |  5.0
Air Magic      | 3 |  3.0
Fighting       | |  3.2
Short Blades   | |  2.0
Throwing       | |  1.0
Stealth        | |  1.0

Action                   |  1- 3 |  4- 6 |  7- 9 || total
-------------------------+-------+-------+-------++-------
Melee: Short sword       |    74 |       |       ||    74
       Tailslap          |     6 |     3 |    11 ||    20
       Mace              |       |    31 |     8 ||    39
       Staff             |       |       |    42 ||    42
       Dagger            |       |       |    30 ||    30
 Cast: Sandblast         |    31 |    46 |   146 ||   223
       Ensorcelled Hiber |       |       |     6 ||     6
       Passwall          |       |       |     2 ||     2
 Abil: Breathe Noxious F |       |       |     7 ||     7
Evoke: Wand              |       |     1 |     1 ||     2
  Use: Potion            |       |     6 |    12 ||    18
       Scroll            |       |       |    15 ||    15
Armor: Skin              |    50 |    26 |    85 ||   161
Dodge: Dodged            |    83 |    46 |   138 ||   267
Block: Buckler           |       |       |    20 ||    20
